 Dungeon Crawl Stone Soup version 0.20.1-1-g8b1a95d (webtiles) character file.

253 lorenzova the Magician (level 5, -2/28 HPs)
             Began as a Deep Elf Conjurer on Nov 7, 2017.
             Slain by lorenzova's ghost (5 damage)
             ... on level 3 of the Dungeon.
             The game lasted 00:04:57 (2413 turns).

lorenzova the Magician (Deep Elf Conjurer)          Turns: 2413, Time: 00:04:57

Health: -2/28      AC:  2    Str:  5    XL:     5   Next: 90%
Magic:  8/15       EV: 13    Int: 21    God:
Gold:   107        SH:  0    Dex: 15    Spells: 10/16 levels left

rFire    . . .     SeeInvis .   (no weapon)
rCold    . . .     Gourm    .   (no shield)
rNeg     . . .     Faith    .   a - +0 robe
rPois    .         Spirit   .   (no helmet)
rElec    .         Reflect  .   (no cloak)
rCorr    .         Harm     .   (no gloves)
MR       .....                  (no boots)
Stlth    ++........             (no amulet)
Regen    0.1/turn               (no ring)
MPRegen  0.2/turn               (no ring)

@: no status effects
A: no striking features
a: no special abilities


You were on level 3 of the Dungeon.
You were not hungry.

You visited 1 branch of the dungeon, and saw 3 of its levels.

You collected 107 gold pieces.

Inventory:

Armour
 a - a +0 robe (worn)
Jewellery
 h - an uncursed amulet of harm {unknown}
Scrolls
 f - a scroll of fog {unknown}
 g - a scroll of enchant weapon {unknown}
 k - a scroll of teleportation {unknown}
 n - a scroll of identify {unknown}
 o - a scroll of remove curse {unknown}
Potions
 d - a potion of heal wounds {unknown}
 e - 2 potions of degeneration {unknown}
 i - a potion of haste {unknown}
 m - a potion of resistance {unknown}
Books
 b - a book of Conjurations

   Spells                             Type                      Level
   a - Magic Dart                     Conjuration                  1
   b - Searing Ray                    Conjuration                  2
   c - Dazzling Spray                 Conjuration/Hexes            3
   d - Fulminant Prism                Conjuration/Hexes            4
   e - Force Lance                    Conjuration/Translocation    4
   f - Iskenderun's Mystic Blast      Conjuration                  4
Comestibles
 c - a bread ration
 j - 2 meat rations


   Skills:
 - Level 2.4 Dodging
 - Level 2.4 Stealth
 + Level 6.4 Spellcasting
 + Level 6.3 Conjurations


You had 10 spell levels left.
You knew the following spells:

 Your Spells              Type           Power        Failure   Level  Hunger
a - Magic Dart            Conj           ####         1%          1    None
b - Searing Ray           Conj           ####..       1%          2    None
c - Dazzling Spray        Conj/Hex       ###...       8%          3    #......


Dungeon Overview and Level Annotations

Branches:
Dungeon (3/15)

Altars:
Makhleb
Xom

Annotations:
D:3 lorenzova's ghost, amateur DECj


Message History

Aim: lorenzova's ghost (moderately damaged)
The magic dart hits lorenzova's ghost.
Lorenzova's ghost is moderately damaged.
Casting: Magic Dart
Confirm with . or Enter, or press ? or * to list all spells.
Aiming: Magic Dart
Press: ? - help, Shift-Dir - straight line, f/p - lorenzova's ghost
Aim: lorenzova's ghost (moderately damaged)
The magic dart hits lorenzova's ghost.
Lorenzova's ghost is moderately damaged.
Casting: Magic Dart
Confirm with . or Enter, or press ? or * to list all spells.
Aiming: Searing Ray
Press: ? - help, Shift-Dir - straight line, f/p - lorenzova's ghost
Aim: lorenzova's ghost (moderately damaged)
The searing ray hits lorenzova's ghost.
Lorenzova's ghost is severely damaged. (Press . to maintain the ray.) Lorenzova's ghost hits you.
You die...

..######### ...#
..........# ######...#
..........###........#
..........##.)...)...#
..........##.........#
.....................# ..
#.........##......#..#..#
#.........######W........
#...)...### #@......$#
##......# #.........
#......# #........#
######## #........#
#........# #.......†.
#######... #..


You could see lorenzova's ghost.

Vanquished Creatures
  Sigmund (D:2)
  An adder (D:2)
  2 oozes
  3 worms
  3 dart slugs
  4 leopard geckos
  4 giant cockroaches
  10 goblins
  9 hobgoblins
  A quokka (D:2)
  8 bats
  3 frilled lizards (D:2)
  4 kobolds
  8 rats
61 creatures vanquished.

Notes
Turn   | Place    | Note
-------+----------+-------------------------------------------
     0 | D:1      | lorenzova the Deep Elf Conjurer began the quest for the Orb.
     0 | D:1      | Reached XP level 1. HP: 10/10 MP: 6/6
   354 | D:1      | Reached XP level 2. HP: 15/15 MP: 0/8
   425 | D:1      | Learned a level 2 spell: Searing Ray
   700 | D:1      | Reached skill level 5 in Conjurations
   763 | D:1      | Found a radiant altar of Vehumet.
   767 | D:1      | Found an iron altar of Okawaru.
   767 | D:1      | Found a glowing silver altar of Zin.
   769 | D:1      | Found a shimmering altar of Xom.
   769 | D:1      | Found a stormy altar of Qazlal.
   769 | D:1      | Found a shimmering altar of Xom.
   856 | D:1      | Reached XP level 3. HP: 19/19 MP: 6/10
  1289 | D:2      | Noticed Sigmund
  1299 | D:2      | Killed Sigmund
  1299 | D:2      | Reached skill level 5 in Spellcasting
  1299 | D:2      | Reached XP level 4. HP: 24/24 MP: 2/13
  1299 | D:2      | Reached XP level 5. HP: 28/28 MP: 2/15
  1393 | D:2      | Learned a level 3 spell: Dazzling Spray
  1483 | D:2      | Found a burning altar of Makhleb.
  2403 | D:3      | Noticed lorenzova's ghost (amateur DECj)
  2413 | D:3      | Slain by lorenzova's ghost

Skill      XL: |  1  2  3  4  5 |
---------------+----------------+-----
Conjurations   | 5 6 |  6.3
Spellcasting   | 4 5 6 |  6.4
Dodging        | |  2.4
Stealth        | |  2.4

Action                   |  1- 3 |  4- 6 || total
-------------------------+-------+-------++-------
Melee: Unarmed           |       |     1 ||     1
 Cast: Magic Dart        |    62 |    74 ||   136
       Searing Ray       |     1 |     2 ||     3
  Eat: Chunk             |     1 |     3 ||     4
Armor: Robe              |       |     4 ||     4
Dodge: Dodged            |     5 |     7 ||    12
